 Dungeon Crawl Stone Soup version 0.22-a0-580-gd5db89c (webtiles) character file.

445 sking99 the Chopper (level 7, -1/62 HPs)
             Began as a Hill Orc Fighter on July 3, 2018.
             Was a Follower of Uskayaw.
             Slain by a hornet (9 damage)
             ... on level 4 of the Dungeon.
             The game lasted 00:05:21 (3155 turns).

sking99 the Chopper (Hill Orc Fighter)              Turns: 3155, Time: 00:05:22

Health: -1/62      AC:  6    Str: 22 (24) XL:     7   Next: 3%
Magic:  9/9        EV:  7    Int: 10 (13) God:    Uskayaw [*.....]
Gold:   134        SH:  9    Dex: 10 (12) Spells: 6/6 levels left

rFire    . . .     SeeInvis .   a - +0 war axe
rCold    . . .     Gourm    .   c - +0 shield
rNeg     . . .     Faith    .   b - +0 scale mail
rPois    .         Spirit   .   (no helmet)
rElec    .         Reflect  .   (no cloak)
rCorr    .         Harm     .   (no gloves)
MR       .....                  (no boots)
Stlth    ..........             (no amulet)
HPRegen  0.20/turn              (no ring)
MPRegen  0.11/turn              (no ring)

@: mighty, brilliant, lethally poisoned (-1 -> -22), slowed, very slow
A: no striking features
a: Stomp, Renounce Religion


You were on level 4 of the Dungeon.
You worshipped Uskayaw.
Uskayaw was noncommittal.
You were not hungry.

You visited 1 branch of the dungeon, and saw 4 of its levels.

You collected 134 gold pieces.

Inventory:

Hand Weapons
 a - a +0 war axe (weapon)
Missiles
 j - 75 stones (quivered)
Armour
 b - a +0 scale mail (worn)
 c - a +0 shield (worn)
Jewellery
 m - an uncursed ring of fire {unknown}
 p - an uncursed ring of protection from magic {unknown}
Scrolls
 l - 12 scrolls of identify {unknown}
 n - a scroll of enchant weapon {unknown}
 o - a scroll of random uselessness {unknown}
 r - 2 scrolls of remove curse {unknown}
 s - 2 scrolls of enchant armour {unknown}
 t - a scroll of noise {unknown}
 v - a scroll of blinking {unknown}
 x - a scroll of teleportation {unknown}
 y - 2 scrolls of magic mapping {unknown}
Potions
 e - a potion of heal wounds {unknown}
 g - a potion of ambrosia {unknown}
 h - a potion of mutation {unknown}
 i - a potion of brilliance
 k - a potion of degeneration
 q - 2 potions of curing {unknown}
 u - 2 potions of cancellation {unknown}
Comestibles
 f - 9 rations
 w - 9 chunks of flesh


   Skills:
 + Level 5.6 Fighting
 * Level 7.4 Axes
 - Level 3.2 Armour
 - Level 3.2 Shields
 + Level 3.4 Invocations


You had 6 spell levels left.
You didn't know any spells.
Your spell library was empty.

Dungeon Overview and Level Annotations

Branches:
Dungeon (4/15)
 Temple: D:4-7

Altars:
Cheibriados
Fedhas
Sif Muna
Uskayaw


Message History

You feel sick. You block the hornet's attack. The hornet stings you!
You are more poisoned.
You feel yourself slow down. The hornet stings you.
You feel as though you will be slow longer.
It was a potion of brilliance.
You feel clever all of a sudden.
You feel sick. You block the hornet's attack. The hornet stings you!
* * * LOW HITPOINT WARNING * * *
You are lethally poisoned!
You feel as though you will be slow longer.
It was a potion of degeneration.
There was something very wrong with that liquid.
You feel weakened.
You feel dopey.
You feel clumsy.
* * * LOW HITPOINT WARNING * * *
You feel very sick. The hornet stings you.
* * * LOW HITPOINT WARNING * * *
You feel as though you will be slow longer.
The hornet stings you!
You die... #...........# ........... (.......> ....... ..... >cO

#y# #@# ####.#
#....# #.#### #.#..#
#....##########
#######.#..........
#.....#.#.........
###.###.#..........[


You could see a hornet, an ogre and a centaur.

Vanquished Creatures
  3 ogres (D:4)
  A hound (D:4)
  2 orc wizards
  3 adders
  2 worms (D:2)
  2 dart slugs
  A leopard gecko (D:3)
  8 orcs
  5 bats
  5 giant cockroaches
  7 goblins
  5 hobgoblins
  3 jackals (D:4)
  A quokka (D:4)
  4 frilled lizards
  3 kobolds
  4 rats
59 creatures vanquished.

Notes
Turn   | Place    | Note
-------+----------+-------------------------------------------
     0 | D:1      | sking99 the Hill Orc Fighter began the quest for the Orb.
     0 | D:1      | Reached XP level 1. HP: 19/19 MP: 1/1
    97 | D:1      | Reached skill level 3 in Axes
   140 | D:1      | Reached XP level 2. HP: 27/27 MP: 2/2
  1055 | D:2      | Reached skill level 4 in Axes
  1055 | D:2      | Reached XP level 3. HP: 18/33 MP: 3/3
  1494 | D:2      | Found a hide-covered altar of Uskayaw.
  2058 | D:3      | Reached XP level 4. HP: 35/41 MP: 4/4
  2165 | D:3      | Reached skill level 5 in Axes
  2243 | D:3      | Found a blossoming altar of Fedhas.
  2429 | D:2      | Became a worshipper of Uskayaw the Reveler
  2540 | D:3      | Found a deep blue altar of Sif Muna.
  2550 | D:3      | Reached * piety under Uskayaw
  2750 | D:4      | Reached skill level 1 in Invocations
  2761 | D:4      | Reached XP level 5. HP: 44/47 MP: 5/5
  2761 | D:4      | Reached ** piety under Uskayaw
  2775 | D:4      | Reached *** piety under Uskayaw
  2785 | D:4      | Reached **** piety under Uskayaw
  2790 | D:4      | Reached skill level 5 in Fighting
  2790 | D:4      | Reached skill level 6 in Axes
  2922 | D:4      | Found a snail-covered altar of Cheibriados.
  2943 | D:4      | Noticed an ogre
  2943 | D:4      | Noticed an ogre
  2945 | D:4      | Noticed an ogre
  2956 | D:4      | Killed an ogre
  2956 | D:4      | Reached XP level 6. HP: 45/56 MP: 7/7
  2958 | D:4      | Reached skill level 7 in Axes
  2972 | D:4      | Reached XP level 7. HP: 35/62 MP: 9/9
  3149 | D:4      | Noticed a hornet
  3151 | D:4      | Paralysed by a hornet for 1 turns
  3155 | D:4      | Slain by a hornet

Vault maps used:
D:1:      mushboom_english_gardens
D:2:      nicolae_overflow_hidden_temple
D:3:      old_standard_altar, led_sif_book, first_ration
D:4:      kennysheep_slug_shrine, temple_pool_b, serial_bayou_lake_a, uniq_pikel

Skill      XL: |  1  2  3  4  5  6 |
---------------+-------------------+-----
Axes           | 3 4 5 6 7 |  7.4
Fighting       | 4 5 |  5.6
Invocations    | 1 2 3 |  3.4
Armour         | |  3.2
Shields        | |  3.2

Action                   |  1- 3 |  4- 6 |  7- 9 || total
-------------------------+-------+-------+-------++-------
Melee: War axe           |   148 |    93 |     2 ||   243
Throw: Stone             |       |    20 |       ||    20
       Javelin           |       |     6 |       ||     6
  Use: Potion            |       |     1 |     3 ||     4
 Stab: Paralysed         |       |     2 |       ||     2
  Eat: Chunk             |     3 |     4 |     1 ||     8
Armor: Scale mail        |    72 |    29 |       ||   101
Dodge: Dodged            |    37 |    14 |       ||    51
Block: Shield            |    89 |    42 |     4 ||   135

Table legend:
 A = Spawn XP
 B = Non-spawn XP
 C = Spawn XP percentage of total XP
 D = Spawn monster count
 E = Non-spawn monster count
 F = Spawn count percentage of total count
 G = Total turns spent on level
                    A         B        C        D         E        F      G
               +---------+---------+-------+---------+---------+-------+---------
         Total |       0 |     636 |   0.0 |       0 |      59 |   0.0 |  3155
               +---------+---------+-------+---------+---------+-------+---------
           D:1 |       0 |      30 |   0.0 |       0 |      16 |   0.0 |  1027
           D:2 |       0 |      37 |   0.0 |       0 |      13 |   0.0 |  1004
           D:3 |       0 |      90 |   0.0 |       0 |      13 |   0.0 |   701
           D:4 |       0 |     479 |   0.0 |       0 |      17 |   0.0 |   423
               +---------+---------+-------+---------+---------+-------+---------
